 Dungeon Crawl Stone Soup version 0.30-a0-777-ga9a30cbeda (webtiles) character file.

Game seed: 13557758646189964036

44 retardedninja the Shield-Bearer (level 3, 0/24 HPs)
             Began as a Gargoyle Fighter on Feb 13, 2023.
             Frozen to death by an endoplasm (5 damage)
             ... on level 1 of the Dungeon.
             The game lasted 00:01:43 (1047 turns).

retardedninja the Shield-Bearer (Gargoyle Fighter)  Turns: 1047, Time: 00:01:44

Health: 0/24       AC: 12    Str: 21    XL:     3   Next: 62%
Magic:  3/3        EV:  9    Int:  8    God:
Gold:   80         SH:  4    Dex:  9    Spells: 2/2 levels left

rFire   . . .      SeeInvis .    a - +0 flail
rCold   . . .      Faith    .    c - +0 buckler
rNeg    + . .      Spirit   .    b - +0 scale mail
rPois   ∞          Reflect  .    (no helmet)
rElec   +          Harm     .    g - +0 cloak
rCorr   .          Rampage  .    f - +0 pair of gloves
Will    .....                    (no boots) Stlth
                                 (no amulet)
HPRegen 0.24/turn                (no ring)
MPRegen 0.08/turn                (no ring)

@: mighty, brilliant
A: sickness immunity, AC +3, negative energy resistance 1, electricity
resistance, torment resistance 1, petrification resistance
a: no special abilities


You were on level 1 of the Dungeon.
You visited 1 branch of the dungeon, and saw 2 of its levels.

You collected 80 gold pieces.

Inventory:

Hand Weapons
 a - a +0 flail (weapon)
Armour
 b - a +0 scale mail (worn)
 c - a +0 buckler (worn)
 f - a +0 pair of gloves (worn)
 g - a +0 cloak (worn)
Jewellery
 m - a +6 ring of intelligence
Scrolls
 h - a scroll of teleportation {unknown}
 i - a scroll of immolation {unknown}
 j - a scroll of noise {unknown}
 l - a scroll of magic mapping {unknown}
Potions
 d - a potion of might
 e - a potion of attraction {unknown}
 n - a potion of degeneration {unknown}


   Skills:
 + Level 3.7 Fighting
 + Level 2.5 Maces & Flails
 + Level 3.7 Armour
 + Level 3.8 Shields


You had 2 spell levels left.
You didn't know any spells.
Your spell library contained the following spells:

 Spells                   Type           Power      Damage    Failure   Level
 Scorch                   Fire           0%         2d5       92%         2
 Flame Wave               Conj/Fire      0%         2d4       100%        4
 Summon Cactus Giant      Summ           0%         N/A       100%        6


Dungeon Overview and Level Annotations

Branches:
Dungeon (2/15)

Altars:


Innate Abilities, Weirdness & Mutations

You are immune to sickness and miasma.
Your stone body is resilient. (AC +3)
You are immune to poison.
You resist negative energy. (rN+)
You are resistant to electric shocks. (rElec)
You are resistant to unholy torment.
You are immune to petrification.


Message History

You are frozen.
The gnoll closely misses you.
You sock the gnoll!
The gnoll is severely wounded.
The hobgoblin hits you but does no damage.
The endoplasm freezes you.
You are frozen.
The gnoll closely misses you.
You closely miss the gnoll.
The gnoll is severely wounded.
The hobgoblin barely misses you. The endoplasm freezes you.
You are frozen.
You block the gnoll's attack.
You completely miss the gnoll.
The gnoll is severely wounded.
The hobgoblin closely misses you.
The endoplasm hits you but does no damage.
The gnoll hits you but does no damage.
The hobgoblin hits you but does no damage.
The endoplasm freezes you.
You are frozen.
The gnoll barely misses you.
You closely miss the gnoll.
The gnoll is severely wounded.
The hobgoblin barely misses you. The endoplasm barely misses you.
The gnoll barely misses you.
It was a potion of brilliance.
You feel clever all of a sudden. You block the hobgoblin's attack.
The endoplasm freezes you.
You are frozen.
The gnoll hits you with a +0 whip.
* * * LOW HITPOINT WARNING * * *
You closely miss the gnoll.
The gnoll is severely wounded.
The hobgoblin hits you but does no damage.
The endoplasm barely misses you. The gnoll closely misses you.
You sock the gnoll!
You kill the gnoll!
The hobgoblin closely misses you. The endoplasm barely misses you.
The hobgoblin barely misses you. The endoplasm freezes you.
You are frozen.
You die...

.#...........#######(............
.######.......##......##....##...
.# #.......................... .#
###...............###..#####. .#
##........###............#....
.###..#......# #.................
...(.........###.................
..#..#...##...##.)...............
..#..#....#....g@................
.##.###.........J................
.#..#.#......###.................
##.##.##..#...######.............
#..#...#..#.#....................
#.##...##.......#.##.......##....
..#.....#.#.###...#.....#####.###
..#.....#.#.####.........# #.#
........†..........#.....####.###


You could see an endoplasm and a hobgoblin.

Vanquished Creatures
  2 gnolls (D:1)
  4 ball pythons (D:1)
  An endoplasm (D:1)
  A giant cockroach (D:1)
  4 goblins (D:1)
  3 hobgoblins (D:1)
  6 jackals (D:1)
  2 kobolds (D:1)
  4 bats (D:1)
  2 frilled lizards (D:1)
  5 rats (D:1)
34 creatures vanquished.

Notes
Turn   | Place    | Note
-------+----------+-------------------------------------------
     0 | D:1      | retardedninja the Gargoyle Fighter began the quest for the
                  | Orb.
     0 | D:1      | Reached XP level 1. HP: 14/14 MP: 1/1
   175 | D:1      | Reached XP level 2. HP: 19/19 MP: 2/2
   363 | D:1      | Reached XP level 3. HP: 16/23 MP: 3/3
  1047 | D:1      | Frozen to death by an endoplasm

Illustrated notes

Levels and vault maps discovered:
D:1:      kilobyte_arrival_exit_the_forest, layout_rooms, minmay_unequal
D:2:      layout_rooms, st_stairs_4, uniq_natasha

Action                     || total
---------------------------++-------
  Melee: Flail             ||    94
    Use: Potion            ||     2
 Armour: Scale mail        ||    85
  Dodge: Dodged            ||    72
  Block: Buckler           ||    26

Table legend: (Time is in decaauts)
 A = Elapsed time spent in this place.
 B = Non-inter-level travel time spent in this place.
 C = Inter-level travel time spent in this place.
 D = Time resting spent in this place.
 E = Time spent auto-exploring this place.
 F = Levels seen in this place.
 G = Mean time per level.
                   A        B        C        D        E       F      G
               +--------+--------+--------+--------+--------+-----+--------+
         Total |   1084 |   1042 |     42 |    300 |    481 |   2 |  542.0 |
       Dungeon |   1084 |   1042 |     42 |    300 |    481 |   2 |  542.0 |
               +--------+--------+--------+--------+--------+-----+--------+

Top non-repeatable levels by time:
     D:1: 1041 daAuts
     D:2: 42 daAuts
